AoeStats
← Sac11111942

Arena

513040887Analyzed
4v4 RM · 24d ago on Oct 11, 2026· 67m 50s· 8 players
Game mode
Random Map
Map size
Large (8 player)
Population
200
Speed
Normal
Resources
Standard
Victory
Conquest
Starting age
Dark Age
Ending age
Imperial Age
RankedLock teamsTeams togetherTeam positionsShared explorationLock speedFull tech treeHidden civsTurbo modeCheats
Victory
Defeat
🇩🇪 Koreans · Germany
1085
+8
🇸🇪 Khmer · Sweden
852
+17
🇲🇽 Berbers · Mexico
767
+21
🇩🇪 Turks · Germany
560
+28
vs
🇨🇭 Tatars · Switzerland
922
-21
🇦🇷 Khmer · Argentina
890
-19
🇮🇳 Inca · India
888
-19
🇦🇷 Persians · Argentina
796
-15
Osman
11:58 Feudal Age
13:16 Wheelbarrow
12:29 Double-Bit Axe
12:25 Horse Collar
12:40 Town Watch
18:43 Castle Age
19:42 Bow Saw
19:35 Heavy Plow
21:31 Hand Cart
21:29 Gold Mining
21:31 Stone Mining
24:41 Town Patrol
31:25 Imperial Age
29:44 Gold Shaft Mining
29:46 Stone Shaft Mining
29:11 Loom
30:30 Ballistics
32:56 Crop Rotation
34:26 Chemistry
33:09 Heavy Scorpion
35:11 Fletching
35:58 Capped Ram
37:00 Bodkin Arrow
39:32 Double Crossbow
39:48 Bracer
39:32 Siege Ram
40:23 Siege Ram
41:32 Siege Ram
44:27 Scale Mail Armor
44:38 Forging
44:32 Pikeman
45:29 Chain Mail Armor
45:09 Halberdier
46:40 Iron Casting
47:17 Scale Barding Armor
48:48 Crossbowman
49:30 Arbalester
50:13 Padded Archer Armor
50:22 Arson
52:17 Blast Furnace
51:34 Leather Archer Armor
55:33 Ring Archer Armor
55:06 Elite Battle Elephant
55:57 Bloodlines
55:47 Husbandry
56:35 Chain Barding Armor
56:44 Conscription
metro86
2:58 Loom
13:01 Feudal Age
17:21 Castle Age
22:27 Imperial Age
28:37 Double-Bit Axe
Silver
0:28 Loom
11:08 Feudal Age
11:41 Double-Bit Axe
11:41 Horse Collar
12:53 Wheelbarrow
14:36 Gold Mining
20:45 Castle Age
20:13 Stone Mining
23:26 Heavy Plow
23:40 Bow Saw
25:38 Hand Cart
26:01 Gold Shaft Mining
26:04 Stone Shaft Mining
28:29 Husbandry
28:40 Bloodlines
27:51 Light Cavalry
29:01 Forging
29:00 Scale Barding Armor
29:59 Arson
30:14 Squires
34:28 Imperial Age
31:42 Treadmill Crane
31:59 Murder Holes
33:19 Iron Casting
32:35 Fletching
32:45 Padded Archer Armor
33:54 Thumb Ring
34:50 Bodkin Arrow
35:16 Chain Barding Armor
34:41 Elite Genitour
35:42 Fervor
36:41 Blast Furnace
35:57 Leather Archer Armor
35:09 Pikeman
36:30 Elite Skirmisher
36:37 Heavy Camel Rider
37:44 Conscription
37:31 Kasbah
38:51 Elite Camel Archer
39:43 Bracer
40:24 Maghrebi Camels
41:59 Ring Archer Armor
43:13 Ballistics
43:55 Chemistry
43:06 Masonry
43:02 Siege Engineers
42:44 Arrowslits
43:21 Crossbowman
46:18 Scale Mail Armor
46:54 Plate Barding Armor
46:58 Cavalier
48:52 Hussar
56:05 Man-at-Arms
59:57 Crop Rotation
59:34 Caravan
59:06 Long Swordsman
61:44 Two-Handed Swordsman
66:02 Chain Mail Armor
lumpensammler666
11:58 Feudal Age
15:40 Castle Age
13:55 Double-Bit Axe
14:17 Horse Collar
15:14 Gold Mining
15:30 Fletching
18:45 Bodkin Arrow
29:11 Bow Saw
31:17 Loom
32:09 Wheelbarrow
36:26 Hand Cart
41:52 Imperial Age
40:25 Stone Mining
42:05 Stone Shaft Mining
42:05 Gold Shaft Mining
42:37 Bracer
43:28 Conscription
43:52 Scale Mail Armor
44:03 Forging
44:25 Ballistics
44:49 Chain Mail Armor
44:21 Pikeman
45:01 Squires
45:18 Heavy Plow
45:39 Elite Fire Lancer
46:28 Arson
47:37 Plate Mail Armor
48:08 Chemistry
47:19 Masonry
49:33 Iron Casting
51:13 Capped Ram
52:31 Halberdier
53:49 Caravan
56:07 Elite War Wagon
57:19 Architecture
59:26 Siege Engineers
Babadudagum
5:46 Loom
11:58 Feudal Age
12:46 Double-Bit Axe
12:43 Horse Collar
17:22 Castle Age
20:05 Wheelbarrow
20:31 Bow Saw
25:27 Bloodlines
26:20 Husbandry
26:14 Fletching
26:34 Forging
29:11 Heavy Plow
29:04 Gold Mining
29:08 Stone Mining
31:55 Iron Casting
31:02 Light Cavalry
37:37 Hand Cart
37:39 Fortified Wall
37:25 Murder Holes
37:50 Ballistics
37:12 Treadmill Crane
40:31 Imperial Age
37:48 Town Watch
39:32 Scale Barding Armor
39:23 Bodkin Arrow
39:30 Padded Archer Armor
40:09 Silk Armor
40:51 Elite Steppe Lancer
41:09 Hussar
43:10 Blast Furnace
42:31 Chain Barding Armor
44:46 Plate Barding Armor
45:18 Timurid Siegecraft
45:28 Conscription
47:03 Caravan
47:37 Heavy Cavalry Archer
49:20 Crop Rotation
49:27 Gold Shaft Mining
Blackdemigod837
13:21 Feudal Age
14:03 Loom
17:32 Castle Age
15:42 Double-Bit Axe
15:39 Horse Collar
15:54 Gold Mining
15:55 Stone Mining
17:36 Wheelbarrow
19:13 Padded Archer Armor
19:03 Fletching
22:27 Hand Cart
28:23 Bow Saw
28:14 Heavy Plow
28:50 Gold Shaft Mining
30:08 Andean Sling
31:45 Town Watch
33:58 Bodkin Arrow
34:18 Leather Archer Armor
34:14 Forging
34:04 Scale Mail Armor
35:07 Town Patrol
37:41 Imperial Age
37:52 Capped Ram
40:08 Ring Archer Armor
39:39 Bracer
40:14 Iron Casting
39:54 Chain Mail Armor
40:37 Siege Ram
47:16 Conscription
46:57 Fabric Shields
46:19 Elite Kamayuk
50:28 Thumb Ring
Sac11111942
9:26 Feudal Age
10:01 Double-Bit Axe
19:28 Castle Age
18:23 Bloodlines
18:05 Horse Collar
18:40 Forging
19:08 Loom
20:16 Bow Saw
20:09 Heavy Plow
21:30 Gold Mining
23:08 Wheelbarrow
22:48 Husbandry
25:13 Fletching
37:36 Elite Skirmisher
43:15 Hand Cart
43:47 Thumb Ring
45:15 Bodkin Arrow
47:13 Town Watch
49:06 Town Patrol
49:14 Padded Archer Armor
52:04 Leather Archer Armor
63:41 Ballistics
64:32 Pikeman
Ratman
8:59 Loom
12:19 Feudal Age
16:36 Castle Age
14:38 Double-Bit Axe
14:41 Horse Collar
14:59 Stone Mining
15:02 Gold Mining
17:26 Loom
18:17 Wheelbarrow
17:28 Town Watch
21:53 Bow Saw
21:55 Heavy Plow
25:01 Gold Shaft Mining
25:15 Hand Cart
25:04 Town Patrol
29:32 Imperial Age
28:12 Fletching
29:09 Husbandry
Connection lost

Rejoining the realm…

Still unreachable

The connection could not be restored.

Session expired

The server has moved on; the page needs a fresh start.